 Dungeon Sprint DCSS version 0.13.2 (webtiles) character file.

20 Adamkad1 the Caller (level 1, 15/15 HPs)
             Began as a Deep Dwarf Summoner on Jan 5, 2019.
             Quit the game in the Dungeon (Sprint V: "Ziggurat Sprint").
             The game lasted 00:02:07 (144 turns).

Adamkad1 the Caller (Deep Dwarf Summoner)            Turns: 144, Time: 00:02:07

HP  15/15        AC  2     Str 11      XL: 1   Next:  0%
MP   3/3         EV 12     Int 15      God:
Gold 20          SH  0     Dex 13      Spells:  1 memorised,  1 level left

Res.Fire  : . . .   See Invis. : .   (no weapon)
Res.Cold  : . . .   Warding    : .   a - +0 robe
Life Prot.: . . .   Conserve   : .   (no shield)
Res.Poison: .       Res.Corr.  : .   (no helmet)
Res.Elec. : .       Clarity    : .   (no cloak)
Sust.Abil.: . .     Spirit.Shd : .   (no gloves)
Res.Mut.  : .       Prev.Telep.: +   (no boots)
Res.Rott. : .       Flight     : .   (no amulet)
Saprovore : . . .                    (no ring)
                                     (no ring)

@: overloaded, non-regenerating, very slow, not resistant to hostile
enchantments, very unstealthy
A: damage resistance, recharge devices, sense surroundings 1, slow healing 3
a: Device Recharging


You were in the Dungeon.
You were overloaded with stuff.
You were not hungry.

You visited 1 branch

Inventory:

Armour
 a - a +0 robe (worn)
Magical devices
 c - a wand of heal wounds (5)
 y - a wand of disintegration (7)
 B - a wand of fire (5)
 C - a wand of cold (5)
 D - a wand of draining (5)
Comestibles
 d - 5 bread rations
 z - 42 strawberries
 A - 4 meat rations
Scrolls
 j - 4 scrolls of blinking
 r - 4 scrolls of amnesia
 s - 3 scrolls of recharging
 t - 7 scrolls of fog
 u - a scroll of holy word
 v - 5 scrolls of identify
 w - 5 scrolls of remove curse
 x - 2 scrolls of fear
Jewellery
 E - a +6 ring of dexterity
 F - a +6 ring of dexterity
 G - a +6 ring of intelligence
 H - a +6 ring of intelligence
 I - a +6 ring of strength
 J - a +6 ring of strength
Potions
 e - 10 potions of curing
 f - 10 potions of heal wounds
 g - 6 potions of speed
 h - 7 potions of magic
 i - 3 potions of berserk rage
 k - 2 potions of brilliance
 l - 2 potions of invisibility
 m - 2 potions of restore abilities
 n - 4 potions of resistance
 o - a potion of experience
 p - 5 potions of agility
 q - 5 potions of might
Books
 b - a book of Callings

   Spells                             Type                      Level
   *Summon Small Mammal               Summoning                    1
   Call Imp                           Summoning                    2
   Call Canine Familiar               Summoning                    3
   Summon Scorpions                   Summoning/Poison             4
   Summon Ice Beast                   Ice/Summoning                4


   Skills:
 + Level 2.1 Dodging
 + Level 2.4 Stealth
 + Level 1.0 Spellcasting
 + Level 3.6 Summonings


You had one spell level left.
You knew the following spells:

 Your Spells              Type           Power        Failure   Level  Hunger
a - Summon Small Mammal   Summ           ##..         8%          1    ##.....


Dungeon Overview and Level Annotations

Branches:
Dungeon (1/1)

Altars:
Ashenzari
Cheibriados
Elyvilon
Fedhas
Kikubaaqudgha
Makhleb
Nemelex Xobeh
Okawaru
Sif Muna
Trog
Vehumet
Xom
Yredelemnul
Zin
the Shining One
Beogh
Jiyva
Lugonu


Innate Abilities, Weirdness & Mutations

You are resistant to damage.
You can recharge devices by infusing magical energy.
You passively map a small area around you.
You do not heal naturally.


Message History

The bat closely misses you. The bat hits you but does no damage.
The bat barely misses you. The bat misses you.
The bat hits you but does no damage. The bat barely misses you.
The bat closely misses you. The bat hits you but does no damage.
The bat hits you but does no damage. The bat hits you but does no damage.
The bat misses you. The bat closely misses you. The bat closely misses you.
The bat closely misses you. The bat hits you. The bat barely misses you.
The bat closely misses you. The bat misses you.
The bat disappears in a puff of smoke!
Are you sure you want to abandon this character and quit the game? (Confirm with "yes".)

#################
*
#_8_8_88©88_8_8_#
#8.........[)..8#
#_..))........._#
#8..)).........8#
#_..().....:..._#
,
#8...)..@..=...8#
,
#_.........|..._#
#8...[.........8#
#_...[........._#
,,
#8.............8#
, ,,
#_8_8.88<88.8_8_#
,
#################
, © ,, * , ,


There were no monsters in sight!

Vanquished Creatures (others)
  Ijyb (D)
1 creature vanquished.

Notes
Turn   | Place    | Note
--------------------------------------------------------------
     0 | D        | Adamkad1, the Deep Dwarf Summoner, began the quest for the Orb.
     0 | D        | Reached XP level 1. HP: 15/15 MP: 3/3
     1 | D        | Found an ancient bone altar of Kikubaaqudgha.
     1 | D        | Found a white marble altar of Elyvilon.
     2 | D        | Found an iron altar of Okawaru.
     2 | D        | Found a burning altar of Makhleb.
     3 | D        | Killed Ijyb
     4 | D        | Found a radiant altar of Vehumet.
     4 | D        | Found a deep blue altar of Sif Muna.
     4 | D        | Found a basalt altar of Yredelemnul.
     4 | D        | Found a sparkling altar of Nemelex Xobeh.
     6 | D        | Banished a spatial maelstrom
     8 | D        | Found a shimmering altar of Xom.
     8 | D        | Found a bloodstained altar of Trog.
   144 | D        | Quit the game

Action                   || total
-------------------------++-------
Melee: Unarmed           ||     1
 Cast: Summon Small Mamm ||     2
